 Dungeon Crawl Stone Soup version 0.28-a0-500-g121bc3e445 (webtiles) character file.

Game seed: 1489473195621511233

25 mg7810 the Skirmisher (level 2, 0/24 HPs)
             Began as a Demonspawn Monk on Sept 19, 2021.
             Slain by Robin (7 damage)
             ... on level 2 of the Dungeon.
             The game lasted 00:06:01 (1259 turns).

mg7810 the Skirmisher (Demonspawn Monk)             Turns: 1259, Time: 00:06:01

Health: 0/24       AC:  8    Str: 11    XL:     2   Next: 86%
Magic:  2/2        EV: 13    Int: 11    God:
Gold:   47         SH:  0    Dex: 15    Spells: 1/1 levels left

rFire   . . .      SeeInvis .   a - +0 hand axe
rCold   . . .      Faith    .   (no shield)
rNeg    . . .      Spirit   .   b - +0 robe
rPois   .          Reflect  .   (no helmet)
rElec   .          Harm     .   (no cloak)
rCorr   .          Rampage  .   (no gloves)
Will    .....                   (no boots)
Stlth   ++........              (no amulet)
HPRegen 0.08/turn               (no ring)
MPRegen 0.08/turn               (no ring)

@: sanguine armoured
A: sanguine armour 1
a: no special abilities


You were on level 2 of the Dungeon.
You visited 1 branch of the dungeon, and saw 2 of its levels.

You collected 47 gold pieces.

Inventory:

Hand Weapons
 a - a +0 hand axe (weapon)
Armour
 b - a +0 robe (worn)
Scrolls
 c - 2 scrolls of fear {unknown}
 d - 2 scrolls of identify {unknown}
Potions
 f - a potion of lignification {unknown}


   Skills:
 + Level 3.1 Fighting
 + Level 3.0 Axes
 * Level 0.6 Armour
 + Level 3.0 Dodging
 + Level 1.8 Stealth
 * Level 0.4 Unarmed Combat


You had one spell level left.
You didn't know any spells.
Your spell library was empty.

Dungeon Overview and Level Annotations

Branches:
Dungeon (2/15)

Altars:

Annotations:
D:2 Robin


Innate Abilities, Weirdness & Mutations

When seriously injured, your bleeding wounds create armour. (AC +6)


Message History

* * * LOW HITPOINT WARNING * * *
Robin hits you but does no damage.
You hit Robin but do no damage.
Robin is lightly wounded.
Robin hits you but does no damage.
It was a potion of heal wounds.
You feel much better.
Your blood armour dries and flakes away.
Robin hits you with a +0 falchion!
Your blood congeals into armour.
You barely miss Robin.
Robin is lightly wounded.
Robin hits you with a +0 falchion.
* * * LOW HITPOINT WARNING * * *
You closely miss Robin.
Robin is lightly wounded.
Robin closely misses you.
You hit Robin.
Robin is moderately wounded.
Robin completely misses you.
You barely miss Robin.
Robin is moderately wounded.
Robin barely misses you.
You hit Robin but do no damage.
Robin is moderately wounded.
Robin closely misses you.
You hit Robin but do no damage.
Robin is moderately wounded.
Robin hits you but does no damage. Robin misses you.
You barely miss Robin.
Robin is moderately wounded.
Robin barely misses you.
You hit Robin.
Robin is heavily wounded.
Robin hits you but does no damage.
You closely miss Robin.
Robin is heavily wounded.
Robin hits you but does no damage.
You hit Robin.
Robin is almost dead.
Robin hits you with a +0 falchion!
You die...

####################
#Jg@...............#
#.################.#
#)# #.# #J# #.#
......)....# #.#
##########.# #.# #
##.# #...
#########..#


You could see Robin and an endoplasm.

Vanquished Creatures
  A dart slug (D:1)
  A ball python (D:2)
  A giant cockroach (D:1)
  9 goblins
  A quokka (D:2)
  3 bats (D:1)
  A frilled lizard (D:1)
  5 kobolds
22 creatures vanquished.

Notes
Turn   | Place    | Note
-------+----------+-------------------------------------------
     0 | D:1      | mg7810 the Demonspawn Monk began the quest for the Orb.
     0 | D:1      | Reached XP level 1. HP: 18/18 MP: 1/1
   527 | D:1      | Gained mutation: When seriously injured, your bleeding
                  | wounds create armour. (AC +6) [demonic ancestry]
   527 | D:1      | Reached XP level 2. HP: 24/24 MP: 2/2
  1226 | D:2      | Noticed Robin
  1259 | D:2      | Slain by Robin

Illustrated notes

Levels and vault maps discovered:
D:1:      giann_bridges, layout_loops_corners, minmay_tetromino_o4
D:2:      layout_loops_ring, item_on_display_a, uniq_sigmund, uniq_robin

Skill      XL: |  1  2 |
---------------+-------+-----
Axes           | 3 |  3.0
Dodging        | 3 |  3.0
Fighting       | |  3.1
Armour         | |  0.6
Stealth        | |  1.8
Unarmed Combat | |  0.4

Action                   || total
-------------------------++-------
Melee: Hand axe          ||    84
  Use: Potion            ||     1
 Stab: Sleeping          ||     2
Armor: Robe              ||    36
Dodge: Dodged            ||    64

Table legend: (Time is in decaauts)
 A = Elapsed time spent in this place.
 B = Non-inter-level travel time spent in this place.
 C = Inter-level travel time spent in this place.
 D = Time resting spent in this place.
 E = Time spent auto-exploring this place.
 F = Levels seen in this place.
 G = Mean time per level.
                   A        B        C        D        E       F      G
               +--------+--------+--------+--------+--------+-----+--------+
         Total |   1271 |   1271 |      0 |      0 |   1055 |   2 |  635.5 |
       Dungeon |   1271 |   1271 |      0 |      0 |   1055 |   2 |  635.5 |
               +--------+--------+--------+--------+--------+-----+--------+

Top non-repeatable levels by time:
     D:1: 1120 daAuts
     D:2: 151 daAuts
